 Dungeon Crawl Stone Soup version 0.30-a0-372-g0ce2686038 (webtiles) character file.

Game seed: 4157269974568564165

4572 Essalna the Destroyer (level 10, 0/65 HPs)
             Began as a Tengu Fire Elementalist on Nov 22, 2022.
             Was a Believer of Vehumet.
             Slain by a centaur warrior zombie (3 damage)
             ... on level 7 of the Dungeon on Nov 23, 2022.
             The game lasted 00:18:18 (9848 turns).

Essalna the Destroyer (Tengu Fire Elementalist)     Turns: 9848, Time: 00:18:18

Health: 0/65       AC:  3    Str:  8    XL:     10   Next: 41%
Magic:  5/14       EV: 14    Int: 21    God:    Vehumet [**....]
Gold:   480        SH:  0    Dex: 14    Spells: 10/13 levels left

rFire   . . .      SeeInvis +    m - +1 dagger (flame)
rCold   . . .      Faith    .    (no shield)
rNeg    . . .      Spirit   .    a - +1 robe
rPois   .          Reflect  .    (helmet restricted)
rElec   .          Harm     .    (no cloak)
rCorr   .          Rampage  .    (no gloves)
Will    .....                    (boots unavailable)
Stlth   ++........               u - amulet of regeneration
HPRegen 1.10/turn                b - ring of see invisible
MPRegen 0.14/turn                (no ring)

@: flying quickly and evasively, quick
A: beak, talons 3, nimble flight
a: Renounce Religion


You were on level 7 of the Dungeon.
You worshipped Vehumet.
Vehumet was pleased with you.
You visited 1 branch of the dungeon, and saw 7 of its levels.

You collected 480 gold pieces.

Inventory:

Hand Weapons
 e - a +0 dagger of venom
 m - a +1 dagger of flaming (weapon)
Missiles
 l - a throwing net
Armour
 a - a +1 robe (worn)
 s - a +0 buckler
Magical Staves
 t - a staff of death
Jewellery
 b - a ring of see invisible (left hand)
 u - an amulet of regeneration (around neck)
Wands
 p - a wand of digging (4)
 q - a wand of flame (39)
Scrolls
 c - 2 scrolls of fear
 f - 4 scrolls of identify
 k - 2 scrolls of enchant weapon
 y - 2 scrolls of vulnerability
Potions
 d - a potion of degeneration {unknown}
 g - a potion of brilliance {unknown}
 h - a potion of berserk rage {unknown}
 i - 4 potions of heal wounds {unknown}
 j - a potion of ambrosia {unknown}
 n - a potion of mutation {unknown}
 o - 2 potions of curing {unknown}
 r - a potion of flight {unknown}
 w - 2 potions of might {unknown}
 z - 2 potions of haste {unknown}


   Skills:
 + Level 8.6 Fighting
 - Level 2.1 Dodging
 - Level 2.0 Stealth
 - Level 2.0 Spellcasting
 + Level 11.3 Conjurations
 + Level 10.0 Fire Magic


You had 10 spell levels left.
You knew the following spells:

 Your Spells              Type           Power      Damage    Failure   Level
a - Foxfire               Conj/Fire      100%       2x1d9     1%          1
b - Scorch                Fire           88%        2d9       1%          2

Your spell library contained the following spells:

 Spells                   Type           Power      Damage    Failure   Level
 Sandblast                Erth           4%         2d4       14%         1
 Flame Wave               Conj/Fire      46%        2d12      1%          4
 Inner Flame              Hex/Fire       23%        N/A       5%          3
 Kindle Blastsparks       Fire/Tloc/Air  32%        2d12      11%         3
 Ensorcelled Hibernation  Hex/Ice        4%         N/A       22%         2
 Passwall                 Tmut/Erth      1%         N/A       22%         2
 Swiftness                Air            2%         N/A       41%         3


Dungeon Overview and Level Annotations

Branches:
Dungeon (7/15)
 Temple: D:4-7

Altars:
Kikubaaqudgha
Makhleb
Vehumet

Shops:
D:1 [   D:3 (   D:6 !   D:7 =


Innate Abilities, Weirdness & Mutations

You have a beak for a mouth.
You have claws for feet.
Your magical nature lets you fly swiftly and evasively.


Message History

Confirm with . or Enter, or press ? or * to list all spells.
Flames lash the wolf spider zombie.
The wolf spider zombie is burned terribly!
The wolf spider zombie is almost destroyed.
The wolf spider zombie hits you! The wolf spider zombie bites you!
The wolf spider zombie misses you.
The wolf spider zombie closely misses you.
Okay, then.
The wolf spider zombie attacks as you move away!
The wolf spider zombie misses you.
The wolf spider zombie closely misses you.
The wolf spider zombie hits you. The wolf spider zombie bites you!
* * * LOW HITPOINT WARNING * * *
Casting: Scorch (safe; 1% risk of failure)
Confirm with . or Enter, or press ? or * to list all spells.
You conjure some foxfire!
The wolf spider zombie hits you.
* * * LOW HITPOINT WARNING * * *
The wolf spider zombie bites you but does no damage.
The centaur warrior zombie hits you.
* * * LOW HITPOINT WARNING * * *
The centaur warrior zombie kicks you but does no damage.
You hit the wolf spider zombie. You burn the wolf spider zombie.
You destroy the wolf spider zombie!
Vehumet accepts your kill.
You feel your power returning.
The foxfire hits the centaur warrior zombie.
The centaur warrior zombie is lightly damaged.
The foxfire hits the centaur warrior zombie!
The centaur warrior zombie is lightly damaged.
The hellwing swoops through the air toward you!
The hellwing hits you.
* * * LOW HITPOINT WARNING * * *
The hellwing barely misses you. The centaur warrior zombie hits you.
* * * LOW HITPOINT WARNING * * *
The centaur warrior zombie barely misses you.
Your Fire Magic skill increases to level 10!
You closely miss the hellwing.
You claw the hellwing, but do no damage.
The centaur warrior zombie hits you.
You die...

.......# #...........#
<......### #...........#
.........# #.........=.##
.####....# #............#.
.# #....# #.........4....
.# #....#
#########.#######. ##
#....# #...........#
#####....###...ยง.Z.....###
...............4@........#
#####....###...........#.#
#....# #...........#.#
#....# #...........# #
###### #..[........#
#...........# #...........#
#...........# #...........#


You could see a hellwing and a centaur warrior zombie.

Vanquished Creatures
  A wolf spider zombie (D:7)
  3 centaur zombies (D:7)
  A hornet (D:6)
  An orc warrior (D:6)
  4 ice beasts
  A sky beast (D:7)
  2 centaurs (D:5)
  A wolf (D:6)
  A phantom (D:4)
  4 bullfrogs
  2 scorpions
  4 gnoll sergeants (D:6)
  6 killer bees (D:7)
  2 orc priests (D:3)
  10 hounds
  4 jellies
  2 gnoll boudas (D:6)
  2 iguanas (D:6)
  2 orc wizards
  Robin (D:2)
  22 gnolls
  11 adders
  6 shadow imps
  A white imp (D:6)
  An ufetubus (D:6)
  A worm (D:1)
  11 dart slugs
  22 orcs
  4 bats
  6 endoplasms
  3 giant cockroaches
  14 goblins
  10 hobgoblins
  10 jackals
  6 quokkas
  6 ball pythons
  2 frilled lizards
  4 kobolds
  4 rats
198 creatures vanquished.

Vanquished Creatures (others)
  858 foxfires
  6 withered plants (D:7)
864 creatures vanquished.

Grand Total: 1062 creatures vanquished

Notes
Turn   | Place    | Note
-------+----------+-------------------------------------------
     0 | D:1      | Essalna the Tengu Fire Elementalist began the quest for the
                  | Orb.
     0 | D:1      | Reached XP level 1. HP: 10/10 MP: 4/4
   381 | D:1      | Reached XP level 2. HP: 15/16 MP: 3/6
   474 | D:1      | Found Oshroy Qaru's Armour Shop.
   568 | D:1      | Reached skill level 2 in Conjurations
   569 | D:1      | Reached skill level 1 in Fighting
  1138 | D:2      | Noticed Robin
  1218 | D:2      | Reached XP level 3. HP: 20/20 MP: 3/7
  2072 | D:2      | Reached XP level 4. HP: 26/26 MP: 0/8
  2080 | D:2      | Killed Robin
  2081 | D:2      | Reached skill level 3 in Conjurations
  2433 | D:3      | Learned a level 2 spell: Scorch
  2553 | D:3      | Gained mutation: Your magical nature lets you fly swiftly
                  | and evasively. [Tengu growth]
  2553 | D:3      | Reached XP level 5. HP: 27/31 MP: 0/9
  2638 | D:2      | Upgraded the game from 0.30-a0-371-gad7725a93e to
                  | 0.30-a0-372-g0ce2686038
  2936 | D:3      | Reached skill level 4 in Conjurations
  3125 | D:3      | Reached XP level 6. HP: 29/37 MP: 4/10
  3576 | D:3      | Found Tuvyoqee's Weapon Emporium.
  3776 | D:4      | Reached skill level 5 in Fire Magic
  3921 | D:4      | Reached skill level 5 in Conjurations
  4297 | D:4      | Reached XP level 7. HP: 42/42 MP: 1/11
  5410 | D:5      | Entered Level 5 of the Dungeon
  5568 | D:5      | Reached skill level 6 in Conjurations
  5944 | D:5      | Found a radiant altar of Vehumet.
  5949 | D:5      | Became a worshipper of Vehumet
  6110 | D:5      | Reached XP level 8. HP: 48/48 MP: 5/12
  6403 | D:5      | Found a burning altar of Makhleb.
  6407 | D:5      | Reached skill level 5 in Fighting
  6407 | D:5      | Reached skill level 7 in Conjurations
  6458 | D:5      | Found an ancient bone altar of Kikubaaqudgha.
  7166 | D:6      | Noticed a hornet
  7378 | D:6      | Killed a hornet
  7379 | D:6      | Reached skill level 8 in Conjurations
  7387 | D:6      | Reached * piety under Vehumet
  7387 | D:6      | Offered knowledge of Freeze by Vehumet.
  7587 | D:6      | Reached XP level 9. HP: 55/55 MP: 8/13
  8044 | D:6      | Reached skill level 9 in Conjurations
  8048 | D:6      | Found Mizi Aci's Distillery.
  8789 | D:6      | Reached ** piety under Vehumet
  8789 | D:6      | Offered knowledge of Sandblast by Vehumet.
  9045 | D:7      | Found Zott's Jewellery Shoppe.
  9196 | D:7      | Reached skill level 10 in Conjurations
  9407 | D:7      | Reached XP level 10. HP: 64/64 MP: 9/14
  9770 | D:7      | Reached skill level 11 in Conjurations
  9847 | D:7      | HP: 2/65 [centaur warrior zombie (2)]
  9848 | D:7      | Reached skill level 10 in Fire Magic
  9848 | D:7      | Slain by a centaur warrior zombie

Illustrated notes

Levels and vault maps discovered:
D:1:      dpeg_arrival_rooms_c, layout_basic, serial_shops, shop_fountains,
          minmay_misc_feat_columns, nrook_mini_vaults, minmay_fountain_box,
          kennysheep_doodads, nrook_campfire
D:2:      wad_crossroads, layout_basic, uniq_robin
D:3:      layout_loops_ring, serial_shops, nicolae_shop_bloodbath_and_beyond,
          minmay_misc_feat_pillars, patterned_corridor
D:4:      kennysheep_slugbush, layout_basic, grunt_decor_resistance
D:5:      layout_rooms, vehumet_altar_wand_db, mainiacjoe_overflow_swirl,
          kennysheep_potato
D:6:      layout_cave_pools, serial_shops, kennysheep_mini_moat,
          serial_gnoll_camp, gnoll_camp_mini_basic, gnoll_camp_huts_basic,
          gnoll_camp_mini_loothouse, gnoll_camp_mini_house,
          gnoll_camp_mini_doghouse, kennysheep_small_square
D:7:      cheibrodos_grave_circle, layout_basic, minmay_temple_entry_poolview,
          minmay_shop_enchanted_jewellery, grunt_ogre_cave,
          roderic_serpentine_path

Skill      XL: |  1  2  3  4  5  6  7  8  9 10 |
---------------+-------------------------------+-----
Conjurations   | 2 3 4 5 6 8 10 11 | 11.3
Fighting       | 1 2 3 4 6 7 8 |  8.6
Fire Magic     | 4 5 6 7 9 10 | 10.0
Dodging        | |  2.1
Stealth        | |  2.0
Spellcasting   | |  2.0

Action                   |  1- 3 |  4- 6 |  7- 9 | 10-12 || total
-------------------------+-------+-------+-------+-------++-------
Melee: Unarmed           |     4 |       |       |       ||     4
       Dagger            |    19 |    60 |    57 |     2 ||   138
       Kick              |     8 |    16 |    23 |     1 ||    48
       Peck              |     4 |    10 |    16 |       ||    30
       Punch             |       |     2 |       |       ||     2
 Cast: Foxfire           |    70 |   123 |   295 |    30 ||   518
       Scorch            |       |    10 |    47 |     9 ||    66
  Use: Scroll            |     2 |       |    13 |       ||    15
       Potion            |       |     1 |     1 |       ||     2
 Stab: Sleeping          |     2 |     2 |     1 |       ||     5
Armor: Robe              |     6 |     6 |    26 |    10 ||    48
Dodge: Dodged            |    23 |    61 |    91 |    42 ||   217

Table legend: (Time is in decaauts)
 A = Elapsed time spent in this place.
 B = Non-inter-level travel time spent in this place.
 C = Inter-level travel time spent in this place.
 D = Time resting spent in this place.
 E = Time spent auto-exploring this place.
 F = Levels seen in this place.
 G = Mean time per level.
                   A        B        C        D        E       F      G
               +--------+--------+--------+--------+--------+-----+--------+
         Total |   9548 |   9196 |    352 |    867 |   6842 |   7 | 1364.0 |
       Dungeon |   9548 |   9196 |    352 |    867 |   6842 |   7 | 1364.0 |
               +--------+--------+--------+--------+--------+-----+--------+

Top non-repeatable levels by time:
     D:6: 1860 daAuts
     D:5: 1697 daAuts
     D:4: 1556 daAuts
     D:2: 1317 daAuts
     D:3: 1210 daAuts
     D:1: 1177 daAuts
     D:7: 728 daAuts
